MLB
DETROIT TIGERS @ TEXAS RANGERS
04/04/2049
 
TOP OF THE 1ST
Detroit Tigers batting - Pitching for Texas Rangers : RHP Kevin Ovens-Toots
Pitching: RHP Kevin Ovens-Toots
Batting: LHB Dave Carlisle 0-0: Called Strike
0-1: Ground out U3 (Groundball, 3, EV 85.6 MPH)
Batting: LHB Frank McConnell 0-0: Ball
1-0: DOUBLE (Groundball, 3L, EV 101.9 MPH)
Batting: LHB Morgan Black 0-0: Called Strike
0-1: Called Strike
0-2: Ball
1-2: Ball
2-2: Ball
3-2: Base on Balls
Batting: LHB Tyler Davis 0-0: Called Strike
0-1: Ball
1-1: Ball
2-1: Foul Ball, location: 2F
2-2: Ball
3-2: Strikes out swinging
Batting: RHB Chris Wheatley 0-0: Called Strike
0-1: Ball
1-1: Foul Ball, location: 2F
1-2: Ball
2-2: SINGLE (Groundball, 6MD, EV 105.0 MPH)
Frank McConnell to third
Morgan Black to second
Runner from 3rd tries for Home, SAFE, throw by CF to home
Batting: LHB Conrad Taylor 0-0: DOUBLE (Flyball, 89XD, EV 91.9 MPH)
Morgan Black scores
Chris Wheatley to third
Runner from 3rd tries for Home, SAFE, throw by CF to trailing runner, SAFE at third!
Batting: RHB Victor Quinones 0-0: Ball
1-0: Foul Ball, location: 2F
1-1: Ball
2-1: Swinging Strike
2-2: Strikes out swinging
Top of the 1st over - 3 runs, 3 hits, 0 errors, 1 left on base; Detroit 3 - Texas 0
BOTTOM OF THE 1ST
Texas Rangers batting - Pitching for Detroit Tigers : RHP Jason Mucci
Pitching: RHP Jason Mucci
Batting: SHB Tony Prado 0-0: Ball
1-0: Foul Ball, location: 2F
1-1: Ball
2-1: Ball
3-1: Ground out 3-1 (Groundball, 34, EV 102.5 MPH)
Batting: SHB Rich Chavez 0-0: Called Strike
0-1: Swinging Strike
0-2: Ball
1-2: Strikes out swinging
Batting: RHB Marc Peckermark 0-0: Called Strike
0-1: Ball
1-1: Swinging Strike
1-2: SOLO HOME RUN (Flyball, 7D, EV 97.5 MPH), Distance : 386 ft
Pitching: RHP Aaron Vallejo
Batting: LHB Sean Geisler 0-0: Ball
1-0: Ground out 1-3 (Groundball, 13S, EV 60.6 MPH)
Bottom of the 1st over - 1 run, 1 hit, 0 errors, 0 left on base; Detroit 3 - Texas 1
TOP OF THE 2ND
Detroit Tigers batting - Pitching for Texas Rangers : RHP Kevin Ovens-Toots
Batting: RHB Andres Leon 0-0: Foul Ball, location: 2F
0-1: Swinging Strike
0-2: Ball
1-2: Foul Ball, location: 2F
1-2: Ball
2-2: Ball
3-2: Strikes out swinging
Batting: RHB Jerry Jauregui 0-0: Foul Ball, location: 2F
0-1: Foul Ball, location: 2F
0-2: Ball
1-2: Foul Ball, location: 2F
1-2: Reached on error, E1 (Groundball, 15, EV 69.4 MPH)
Batting: LHB Dave Carlisle 0-0: Foul Ball, location: 2F
0-1: Ground out 4-3 (Groundball, 34, EV 101.2 MPH)
Jerry Jauregui to third
Batting: LHB Frank McConnell 0-0: Foul Ball, location: 2F
0-1: Ball
1-1: Foul Ball, location: 2F
1-2: SINGLE (Groundball, 6MD, EV 97.5 MPH)
Jerry Jauregui scores
Batting: LHB Morgan Black 0-0: Called Strike
0-1: Swinging Strike
0-2: Strikes out swinging
Top of the 2nd over - 1 run, 1 hit, 1 error, 1 left on base; Detroit 4 - Texas 1
BOTTOM OF THE 2ND
Texas Rangers batting - Pitching for Detroit Tigers : RHP Aaron Vallejo
Batting: SHB Vince Ealy 0-0: Ball
1-0: Foul Ball, location: 2F
1-1: Foul Ball, location: 2F
1-2: Ball
2-2: Foul Ball, location: 2F
2-2: Strikes out swinging
Batting: RHB Hiroshige Yamada 0-0: Foul Ball, location: 2F
0-1: Ball
1-1: Swinging Strike
1-2: Fly out, F2 (Popup, 2LF, EV 93.8 MPH)
Batting: RHB Blake Ballard 0-0: Swinging Strike
0-1: Ball
1-1: Fly out, F6 (Popup, P, EV 69.4 MPH)
Bottom of the 2nd over - 0 runs, 0 hits, 0 errors, 0 left on base; Detroit 4 - Texas 1
TOP OF THE 3RD
Detroit Tigers batting - Pitching for Texas Rangers : RHP Kevin Ovens-Toots
Batting: LHB Tyler Davis 0-0: Called Strike
0-1: Ball
1-1: Ground out 4-3 (Groundball, 4, EV 90.0 MPH)
Batting: RHB Chris Wheatley 0-0: Ball
1-0: Ball
2-0: Called Strike
2-1: Foul Ball, location: 2F
2-2: Ball
3-2: Base on Balls
Batting: LHB Conrad Taylor 0-0: Called Strike
0-1: Ball
1-1: Called Strike
1-2: Strikes out looking
Batting: RHB Victor Quinones 0-0: Ball
Chris Wheatley is caught stealing 2nd base 2-4
Top of the 3rd over - 0 runs, 0 hits, 0 errors, 0 left on base; Detroit 4 - Texas 1
BOTTOM OF THE 3RD
Texas Rangers batting - Pitching for Detroit Tigers : RHP Aaron Vallejo
Batting: RHB Zhao-ji Chi 0-0: Ball
1-0: Swinging Strike
1-1: Hit by Pitch
Batting: RHB Chris Torlak 0-0: Ball
1-0: Foul Ball, location: 2F
1-1: Fly out, F8 (Flyball, 89M, EV 89.4 MPH)
Batting: SHB Tony Prado 0-0: Ball
1-0: SINGLE (Flyball, 8LS, EV 91.2 MPH)
Zhao-ji Chi to second
Batting: SHB Rich Chavez 0-0: Ball
Zhao-ji Chi steals 3rd base
1-0: Fly out, F8 (Flyball, 8LM, EV 90.0 MPH)
Batting: RHB Marc Peckermark 0-0: Called Strike
0-1: Fly out, F3 (Popup, 3SF, EV 82.5 MPH)
Bottom of the 3rd over - 0 runs, 1 hit, 0 errors, 2 left on base; Detroit 4 - Texas 1
TOP OF THE 4TH
Detroit Tigers batting - Pitching for Texas Rangers : RHP Kevin Ovens-Toots
Batting: RHB Victor Quinones 0-0: Ball
1-0: Swinging Strike
1-1: Swinging Strike
1-2: Ball
2-2: Foul Ball, location: 2F
2-2: Fly out, F7 (Line Drive, 7, EV 105.6 MPH)
Batting: RHB Andres Leon 0-0: Ball
1-0: Called Strike
1-1: Fly out, F8 (Flyball, 8RS, EV 88.1 MPH)
Batting: RHB Jerry Jauregui 0-0: Foul Ball, location: 2F
0-1: Ball
1-1: Swinging Strike
1-2: Ball
2-2: Strikes out swinging
Top of the 4th over - 0 runs, 0 hits, 0 errors, 0 left on base; Detroit 4 - Texas 1
BOTTOM OF THE 4TH
Texas Rangers batting - Pitching for Detroit Tigers : RHP Aaron Vallejo
Batting: LHB Sean Geisler 0-0: Called Strike
0-1: Ball
1-1: Ball
2-1: Swinging Strike
2-2: Ball
3-2: Base on Balls
Batting: SHB Vince Ealy 0-0: Ball
1-0: Ball
2-0: Called Strike
2-1: Ball
3-1: Base on Balls
Sean Geisler to second
Batting: RHB Hiroshige Yamada 0-0: Swinging Strike
0-1: Swinging Strike
0-2: Foul Ball, location: 2F
0-2: Ball
1-2: Strikes out looking
Batting: RHB Blake Ballard 0-0: Called Strike
0-1: Ball
1-1: Ball
2-1: 3-RUN HOME RUN (Flyball, 7D, EV 100.0 MPH), Distance : 390 ft
Batting: RHB Zhao-ji Chi 0-0: Called Strike
0-1: Foul Ball, location: 2F
0-2: Strikes out swinging
Batting: RHB Chris Torlak 0-0: Ball
1-0: Ball
2-0: Foul Ball, location: 2F
2-1: Fly out, F8 (Flyball, 89S, EV 90.6 MPH)
Bottom of the 4th over - 3 runs, 1 hit, 0 errors, 0 left on base; Detroit 4 - Texas 4
TOP OF THE 5TH
Detroit Tigers batting - Pitching for Texas Rangers : RHP Kevin Ovens-Toots
Batting: LHB Dave Carlisle 0-0: Ball
1-0: Ball
2-0: Called Strike
2-1: Ball
3-1: Base on Balls
Batting: LHB Frank McConnell 0-0: Ball
1-0: Swinging Strike
1-1: Swinging Strike
1-2: Ball
2-2: Fly out, F8 (Flyball, 8RD, EV 96.9 MPH)
Batting: LHB Morgan Black 0-0: Ball
1-0: Called Strike
1-1: Fielders Choice at 2nd, 5-4 (Groundball, 15, EV 93.1 MPH)
Batting: LHB Tyler Davis 0-0: Called Strike
0-1: Called Strike
0-2: Ball
1-2: Foul Ball, location: 2F
1-2: Foul Ball, location: 2F
1-2: 2-RUN HOME RUN (Flyball, 9D, EV 98.8 MPH), Distance : 363 ft
Pitching: RHP Isaburo Ishihara
Batting: RHB Chris Wheatley 0-0: Called Strike
0-1: Ball
1-1: Foul Ball, location: 2F
1-2: Ground out 4-3 (Groundball, 4, EV 79.4 MPH)
Top of the 5th over - 2 runs, 1 hit, 0 errors, 0 left on base; Detroit 6 - Texas 4
BOTTOM OF THE 5TH
Texas Rangers batting - Pitching for Detroit Tigers : RHP Aaron Vallejo
Batting: SHB Tony Prado 0-0: Swinging Strike
0-1: Swinging Strike
0-2: Ball
1-2: Foul Ball, location: 2F
1-2: Foul Ball, location: 2F
1-2: Strikes out swinging
Batting: SHB Rich Chavez 0-0: Called Strike
0-1: Ball
1-1: Ball
2-1: Ball
3-1: Called Strike
3-2: Base on Balls
Batting: RHB Marc Peckermark 0-0: Ball
1-0: Ball
2-0: Fielders Choice at 2nd, 4-6 (Groundball, 4MD, EV 102.5 MPH)
Batting: LHB Sean Geisler 0-0: Foul Ball, location: 2F
0-1: 2-RUN HOME RUN (Flyball, 78XD, EV 101.2 MPH), Distance : 408 ft
Pitching: RHP Steve McGaughey
Batting: SHB Vince Ealy 0-0: Ball
1-0: Ball
2-0: Ball
3-0: Called Strike
3-1: Base on Balls
Batting: RHB Hiroshige Yamada 0-0: Called Strike
0-1: Foul Ball, location: 2F
0-2: Foul Ball, location: 2F
0-2: Ball
1-2: Foul Ball, location: 2F
1-2: Strikes out looking
Bottom of the 5th over - 2 runs, 1 hit, 0 errors, 1 left on base; Detroit 6 - Texas 6
TOP OF THE 6TH
Detroit Tigers batting - Pitching for Texas Rangers : RHP Isaburo Ishihara
Batting: LHB Conrad Taylor 0-0: DOUBLE (Flyball, 8RXD, EV 105.0 MPH)
Batting: RHB Victor Quinones 0-0: Ball
1-0: Ball
2-0: 2-RUN HOME RUN (Flyball, 9D, EV 97.5 MPH), Distance : 381 ft
Batting: RHB Andres Leon 0-0: Called Strike
0-1: Foul Ball, location: 2F
0-2: Ball
1-2: Ball
2-2: SOLO HOME RUN (Flyball, 78XD, EV 98.8 MPH), Distance : 406 ft
Pitching: RHP Gavin Nelson
Batting: RHB Jerry Jauregui 0-0: Called Strike
0-1: Ball
1-1: Called Strike
1-2: Ball
2-2: Ball
3-2: Ground out 5-3 (Groundball, 56, EV 97.5 MPH)
Batting: LHB Dave Carlisle 0-0: Swinging Strike
0-1: SINGLE (Groundball, 6D, EV 96.2 MPH)
Batting: LHB Frank McConnell 0-0: Ball
1-0: Fly out, F7 (Flyball, 7D, EV 83.8 MPH)
Batting: LHB Morgan Black 0-0: Fly out, F8 (Flyball, 8RD, EV 105.0 MPH)
Top of the 6th over - 3 runs, 4 hits, 0 errors, 1 left on base; Detroit 9 - Texas 6
BOTTOM OF THE 6TH
Texas Rangers batting - Pitching for Detroit Tigers : RHP Steve McGaughey
Batting: RHB Blake Ballard 0-0: Ball
1-0: Ground out 5-3 (Groundball, 56, EV 85.6 MPH)
Batting: RHB Zhao-ji Chi 0-0: Ball
1-0: Fly out, F9 (Flyball, 89M, EV 84.4 MPH)
Batting: RHB Chris Torlak 0-0: Ball
1-0: Fly out, F4 (Line Drive, 4, EV 68.1 MPH)
Bottom of the 6th over - 0 runs, 0 hits, 0 errors, 0 left on base; Detroit 9 - Texas 6
TOP OF THE 7TH
Detroit Tigers batting - Pitching for Texas Rangers : RHP Gavin Nelson
Pitching: RHP Kyle Curve
Batting: LHB Tyler Davis 0-0: Ball
1-0: Fly out, F7 (Line Drive, 78M, EV 84.4 MPH)
Batting: RHB Chris Wheatley 0-0: DOUBLE (Line Drive, 9LS, EV 113.8 MPH)
Batting: LHB Conrad Taylor 0-0: Intentional Walk
Batting: RHB Victor Quinones 0-0: Ball
1-0: Ball
2-0: Fly out, F9 (Flyball, 9LM, EV 91.2 MPH)
Batting: RHB Andres Leon 0-0: Swinging Strike
0-1: Swinging Strike
0-2: Strikes out swinging
Top of the 7th over - 0 runs, 1 hit, 0 errors, 2 left on base; Detroit 9 - Texas 6
BOTTOM OF THE 7TH
Texas Rangers batting - Pitching for Detroit Tigers : RHP Steve McGaughey
Now at C: Dan Becvar
Now at 1B: Jerry Jauregui
Batting: SHB Tony Prado 0-0: Called Strike
0-1: SINGLE (Groundball, 34D, EV 107.5 MPH)
Batting: SHB Rich Chavez 0-0: Called Strike
0-1: Ball
1-1: Foul Ball, location: 2F
1-2: Strikes out swinging
Batting: RHB Marc Peckermark 0-0: Foul Ball, location: 2F
0-1: Called Strike
0-2: Ball
1-2: Ball
2-2: Strikes out swinging
Batting: LHB Sean Geisler 0-0: Called Strike
0-1: Ball
1-1: Ball
2-1: Foul Ball, location: 2F
2-2: Foul Ball, location: 2F
2-2: Ball
3-2: Ground out 5-3 (Groundball, 56S, EV 75.0 MPH)
Bottom of the 7th over - 0 runs, 1 hit, 0 errors, 1 left on base; Detroit 9 - Texas 6
TOP OF THE 8TH
Detroit Tigers batting - Pitching for Texas Rangers : RHP Kyle Curve
Pitching: LHP Ragnar Danielsson
Batting: RHB Jerry Jauregui 0-0: Ball
1-0: Foul Ball, location: 2F
1-1: Swinging Strike
1-2: Ball
2-2: Ground out 4-3 (Groundball, 4, EV 104.4 MPH)
Batting: LHB Dave Carlisle 0-0: Called Strike
0-1: Foul Ball, location: 2F
0-2: Fly out, F8 (Flyball, 8LS, EV 77.5 MPH)
Batting: LHB Frank McConnell 0-0: Ball
1-0: Ball
2-0: Ball
3-0: Called Strike
3-1: Base on Balls
Batting: LHB Morgan Black 0-0: Ball
1-0: Called Strike
1-1: Ball
2-1: Swinging Strike
2-2: Strikes out swinging
Top of the 8th over - 0 runs, 0 hits, 0 errors, 1 left on base; Detroit 9 - Texas 6
BOTTOM OF THE 8TH
Texas Rangers batting - Pitching for Detroit Tigers : RHP Steve McGaughey
Pitching: RHP Bobby Wright
Batting: SHB Vince Ealy 0-0: Ball
1-0: Called Strike
1-1: Called Strike
1-2: Ball
2-2: Ball
3-2: Foul Ball, location: 2F
3-2: Strikes out swinging
Batting: RHB Hiroshige Yamada 0-0: Called Strike
0-1: Foul Ball, location: 2F
0-2: Ball
1-2: Strikes out swinging
Batting: RHB Blake Ballard 0-0: Called Strike
0-1: Ball
1-1: Swinging Strike
1-2: Ball
2-2: Ball
3-2: Strikes out looking
Bottom of the 8th over - 0 runs, 0 hits, 0 errors, 0 left on base; Detroit 9 - Texas 6
TOP OF THE 9TH
Detroit Tigers batting - Pitching for Texas Rangers : LHP Ragnar Danielsson
Pitching: RHP Raul Almonte
Batting: LHB Tyler Davis 0-0: Ball
1-0: Ball
2-0: Fly out, F8 (Line Drive, 8LD, EV 86.2 MPH)
Batting: RHB Dan Becvar 0-0: Ball
1-0: Ball
2-0: DOUBLE (Line Drive, 9LS, EV 89.4 MPH)
Batting: LHB Conrad Taylor 0-0: Called Strike
0-1: Foul Ball, location: 2F
0-2: Ball
1-2: Fly out, F9 (Line Drive, 9, EV 93.1 MPH)
Runner from 2nd tags up, SAFE at 3rd with throw by RF
Batting: RHB Victor Quinones 0-0: Swinging Strike
0-1: DOUBLE (Line Drive, 8LXD, EV 113.1 MPH)
Dan Becvar scores
Batting: RHB Andres Leon 0-0: Foul Ball, location: 2F
0-1: Ground out 6-3 (Groundball, 56, EV 86.2 MPH)
Top of the 9th over - 1 run, 2 hits, 0 errors, 1 left on base; Detroit 10 - Texas 6
BOTTOM OF THE 9TH
Texas Rangers batting - Pitching for Detroit Tigers : RHP Bobby Wright
Batting: RHB Zhao-ji Chi 0-0: Ball
1-0: Foul Ball, location: 2F
1-1: Foul Ball, location: 2F
1-2: Strikes out swinging
Batting: RHB Chris Torlak 0-0: Called Strike
0-1: Ball
1-1: Swinging Strike
1-2: Ball
2-2: Strikes out swinging
Batting: SHB Tony Prado 0-0: Called Strike
0-1: Swinging Strike
0-2: Ball
1-2: Fly out, F7 (Flyball, 7D, EV 98.8 MPH)
Bottom of the 9th over - 0 runs, 0 hits, 0 errors, 0 left on base; Detroit 10 - Texas 6
Sunday, July 16th , 2023 - OOTP Baseball 24.6 Build 69